 Dungeon Crawl Stone Soup version 0.31-a0-1-g4198be8af4 (webtiles) character file.

Game seed: 8009015304509058373

6403 Firecrotchwizard the Fighter (level 10, -1/172 HPs)
             Began as an Ogre Berserker on May 2, 2023.
             Was an Elder of Trog.
             Slain by a wolf (6 damage)
             ... led by Grum
             ... on level 9 of the Dungeon.
             The game lasted 00:19:21 (7815 turns).

Firecrotchwizard the Fighter (Ogre Berserker)       Turns: 7815, Time: 00:19:21

Health: -1/172     AC: 14    Str: 33    XL:     10   Next: 98%
Magic:  10/10      EV:  9    Int:  8    God:    Trog [****..]
Gold:   459        SH:  0    Dex:  8    Spells: 9/9 levels left

rFire   . . .        a - +3 flail (freeze)
rCold   . . .        (no shield)
rNeg    . . .        C - +0 acid dragon scales
rPois   .            (helmet restricted)
rElec   .            v - +2 cloak
rCorr   +            (gloves unavailable)
SInv    .            (boots unavailable)
Will    +++..        g - amulet of regeneration Stlth
                     D - +6 ring of strength
HPRegen 2.28/turn    q - +4 ring of protection
MPRegen 0.12/turn

%: no passive effects
@: berserking, lethally poisoned (-1 -> -19), strong-willed, regenerating, very
quick
A: large, unfitting armour, tough skin 1
a: Renounce Religion, Berserk, Trog's Hand, Brothers in Arms


You were on level 9 of the Dungeon.
You worshipped Trog.
Trog was greatly pleased with you.
You visited 1 branch of the dungeon, and saw 9 of its levels.
You also visited: Sewer.

You collected 459 gold pieces.

Inventory:

Hand Weapons
 a - a +3 flail of freezing (weapon)
 b - a +1 sling of draining
 f - a +0 mace
 o - a +0 heavy hand axe
 x - a +0 giant club
 B - a +0 dire flail
Missiles
 k - 30 poisoned darts (quivered)
 A - 14 large rocks
 F - 4 throwing nets {@!f}
Armour
 j - a +0 animal skin
 s - a +0 robe of cold resistance
 v - a +2 cloak (worn)
 C - +0 acid dragon scales (worn)
Jewellery
 g - an amulet of regeneration (around neck)
 m - a ring of resist corrosion
 q - a +4 ring of protection (right hand)
 u - a +6 ring of dexterity
 D - a +6 ring of strength (left hand)
Wands
 p - a wand of flame (10)
 r - a wand of roots (9)
 y - a wand of digging (4)
 E - a wand of acid (8)
Scrolls
 i - 9 scrolls of identify
 t - 10 scrolls of teleportation
 w - a scroll of enchant weapon
Potions
 c - 4 potions of flight
 d - 4 potions of heal wounds
 e - 2 potions of invisibility
 h - 4 potions of haste
 l - 6 potions of curing
 n - 8 potions of degeneration
 z - 3 potions of might


   Skills:
 + Level 12.0 Fighting
 * Level 11.7 Maces & Flails
 + Level 5.8 Throwing
 - Level 2.6 Dodging


You had 9 spell levels left.
You didn't know any spells.
Your spell library was empty.

Dungeon Overview and Level Annotations

Branches:
Dungeon (9/15)             Temple (0/1) D:4           Sewer (visited)
   Lair: D:8-11         Orc: D:9-12

Altars:
Elyvilon
Kikubaaqudgha

Annotations:
D:2 1 runed translucent door, Crazy Yiuf
D:9 2 runed translucent doors, Grum


Innate Abilities, Weirdness & Mutations

You are too large for most types of armour.
You have tough skin. (AC +1)


Message History

A wolf comes into view.
Grum the Hunter comes into view.
He is wielding a -1 spear of venom.
The wolf howls!
You hear a howl!
A wolf comes into view.
The wolf closely misses you. The wolf completely misses you.
The wolf attacks as you move away!
The wolf bites you but does no damage. x2
The wolf attacks as you move away!
The wolf bites you but does no damage. x2
The wolf bites you! The wolf attacks as you move away!
The wolf bites you but does no damage. The wolf bites you. x2
The wolf attacks as you move away! The wolf bites you but does no damage.
The wolf barely misses you.
There is an open door here.
The wolf closely misses you.
You hit the wolf. You freeze the wolf.
The wolf is moderately wounded.
The wolf bites you but does no damage.
You miss the wolf.
The wolf is moderately wounded.
The wolf bites you!
You closely miss the wolf.
The wolf is moderately wounded.
The wolf bites you. The wolf completely misses you.
You barely miss the wolf.
The wolf is moderately wounded.
The wolf bites you but does no damage. The wolf barely misses you. x2
You completely miss the wolf.
The wolf is moderately wounded.
The wolf barely misses you. The wolf bites you.
You hit the wolf. You freeze the wolf.
The wolf is moderately wounded.
The wolf barely misses you.
The wolf bites you but does no damage. x2
You miss the wolf.
The wolf is moderately wounded.
The wolf bites you! The wolf barely misses you.
The wolf bites you but does no damage.
You miss the wolf.
The wolf is moderately wounded.
The wolf barely misses you. The wolf closely misses you.
The wolf bites you but does no damage.
You closely miss the wolf.
The wolf is moderately wounded.
The wolf barely misses you. The wolf bites you.
Grum drinks a potion.
Grum goes berserk!
You closely miss the wolf.
The wolf is moderately wounded.
The wolf completely misses you. The wolf barely misses you.
Grum closely misses you. The wolf bites you! The wolf bites you.
You completely miss the wolf.
The wolf is moderately wounded.
Grum barely misses you. The wolf barely misses you. The wolf bites you.
You closely miss the wolf.
The wolf is moderately wounded.
Grum hits you from afar with a -1 spear of venom!
The wolf closely misses you. x2; Grum misses you.
The wolf bites you.
You barely miss the wolf.
The wolf is moderately wounded.
The wolf barely misses you. x2
Grum hits you from afar with a -1 spear of venom!!
* * * LOW HITPOINT WARNING * * *
You are poisoned.
The wolf bites you but does no damage.
Your skin crawls.
You feel strong-willed.
You feel very sick. The wolf bites you but does no damage.
Grum closely misses you. The wolf bites you but does no damage.
The wolf bites you.
* * * LOW HITPOINT WARNING * * *
A red film seems to cover your vision as you go berserk!
You feel yourself moving faster!
You feel mighty!
You feel very sick. The wolf barely misses you.
Grum hits you from afar with a -1 spear of venom!!
* * * LOW HITPOINT WARNING * * *
You are more poisoned.
The wolf bites you but does no damage. x2
Grum hits you from afar with a -1 spear of venom!
* * * LOW HITPOINT WARNING * * *
You sock the wolf! You freeze the wolf.
The wolf is severely wounded.
* * * LOW HITPOINT WARNING * * *
You feel extremely sick.
The wolf bites you but does no damage. x2
Grum hits you from afar with a -1 spear of venom.
* * * LOW HITPOINT WARNING * * *
You are more poisoned.
You hit the wolf. You freeze the wolf.
You kill the wolf!
Trog accepts your kill.
* * * LOW HITPOINT WARNING * * *
You feel extremely sick. The wolf bites you.
* * * LOW HITPOINT WARNING * * *
Grum barely misses you.
You barely miss the wolf.
* * * LOW HITPOINT WARNING * * *
You feel very sick. The wolf bites you.
You die...

......#...#...........#
.....##...##.##.################.
.....##'####'##.##.#.............
..............#...<#.............
..............)....#.............
..............#....#.............
..............#....#....g........
..............#....#.............
..............#h@..#.............
###############h####.............
.............g........#########
..............h.......#
................(.......#
........................#
........................#########
# ###########'##'####.....#.(..#.
# #.......#....#.....#.[..#.


You could see Grum (berserk) and 2 wolves.

Vanquished Creatures
  Harold (D:9)
  A two-headed ogre (D:8)
  A gargoyle (D:7)
  Grinder (D:4)
  The ghost of themarg the Caller, an amateur MfSu of Hepliaklqana (D:5)
  2 shadows (D:9)
  Eustachio (D:4)
  A wyvern (D:9)
  A human (D:8)
  4 hogs (D:8)
  A steam dragon (D:9)
  Menkaure (D:7)
  An acid dragon (D:8)
  A water moccasin (D:9)
  An ice beast (D:8)
  A sky beast (D:6)
  A black bear (D:6)
  A wolf (D:9)
  3 centaurs (D:7)
  A phantom (D:6)
  2 kobold brigands
  4 bullfrogs
  A gnoll sergeant (D:5)
  5 wights (D:8)
  8 killer bees
  3 howler monkeys (D:7)
  3 orc priests
  3 hounds
  Jessica (D:3)
  A gnoll bouda (D:6)
  2 sleepcaps
  3 iguanas
  7 orc wizards
  A hell rat (Sewer)
  15 gnolls
  9 adders
  A river rat (Sewer)
  A shadow imp (D:8)
  An ufetubus (D:5)
  28 orcs
  8 ball pythons
  4 endoplasms
  10 giant cockroaches
  4 goblins
  7 hobgoblins
  5 jackals
  4 quokkas
  9 bats
  2 frilled lizards
  19 kobolds
  9 rats
206 creatures vanquished.

Notes
Turn   | Place    | Note
-------+----------+-------------------------------------------
     0 | D:1      | Firecrotchwizard the Ogre Berserker began the quest for the
                  | Orb.
     0 | D:1      | Reached XP level 1. HP: 24/24 MP: 1/1
   148 | D:1      | Reached XP level 2. HP: 24/33 MP: 2/2
   554 | D:1      | Reached XP level 3. HP: 38/40 MP: 3/3
   931 | D:2      | Found a faded altar of an unknown god.
  1509 | D:2      | Reached ** piety under Trog
  1510 | D:2      | Reached XP level 4. HP: 46/49 MP: 4/4
  1551 | D:2      | Found a runed translucent door.
  1552 | D:2      | Noticed Crazy Yiuf
  1765 | D:2      | Reached skill level 5 in Fighting
  1975 | D:3      | You fall into a shaft and drop 2 floors!
  1975 | D:5      | Entered Level 5 of the Dungeon
  2010 | D:5      | Reached XP level 5. HP: 57/57 MP: 5/5
  2197 | D:5      | Reached skill level 5 in Maces & Flails
  2197 | D:5      | Found a glowing drain.
  2254 | Sewer    | Entered a sewer
  2266 | Sewer    | Reached XP level 6. HP: 67/67 MP: 6/6
  2303 | Sewer    | Reached skill level 6 in Fighting
  2511 | D:4      | Noticed Grinder
  2522 | D:4      | Killed Grinder
  2523 | D:4      | Reached XP level 7. HP: 76/76 MP: 7/7
  2563 | D:3      | Reached skill level 7 in Fighting
  2566 | D:3      | Reached *** piety under Trog
  2650 | D:3      | Noticed Jessica
  2656 | D:3      | Killed Jessica
  2700 | D:3      | Found a white marble altar of Elyvilon.
  2754 | D:3      | Found an ancient bone altar of Kikubaaqudgha.
  3162 | D:4      | Noticed Eustachio
  3240 | D:4      | Killed Eustachio
  3270 | D:4      | Reached XP level 8. HP: 83/87 MP: 8/8
  3473 | D:4      | Found a staircase to the Ecumenical Temple.
  4234 | D:5      | Found a runed translucent gate.
  4234 | D:5      | Found a runed translucent gate.
  4234 | D:5      | Found a runed translucent gate.
  4235 | D:5      | Noticed themarg's ghost (amateur MfSu)
  4252 | D:5      | Killed themarg's ghost
  4253 | D:5      | Reached skill level 8 in Fighting
  4902 | D:6      | Reached **** piety under Trog
  4991 | D:6      | Reached skill level 9 in Fighting
  5219 | D:6      | Reached XP level 9. HP: 98/98 MP: 9/9
  5393 | D:7      | Reached skill level 1 in Throwing
  5542 | D:7      | Noticed a red ugly thing
  5542 | D:7      | Noticed a gargoyle
  5584 | D:7      | Noticed Menkaure
  5589 | D:7      | Killed Menkaure
  5639 | D:7      | Noticed a gargoyle
  5655 | D:7      | Killed a gargoyle
  5734 | D:7      | Reached skill level 10 in Fighting
  5738 | D:7      | Found a flagged portal.
  6381 | D:8      | Noticed a two-headed ogre
  6386 | D:8      | Killed a two-headed ogre
  6387 | D:8      | Reached skill level 10 in Maces & Flails
  6387 | D:8      | Reached XP level 10. HP: 88/111 MP: 10/10
  6637 | D:8      | Reached skill level 11 in Fighting
  7065 | D:9      | Reached skill level 5 in Throwing
  7188 | D:9      | Found a large runed translucent door.
  7188 | D:9      | Found a large runed translucent door.
  7530 | D:9      | Noticed Harold
  7553 | D:9      | Killed Harold
  7554 | D:9      | Reached skill level 12 in Fighting
  7786 | D:9      | Noticed Grum
  7815 | D:9      | HP: 5/172 [poisoned by Grum]
  7815 | D:9      | Slain by a wolf

Illustrated notes

Levels and vault maps discovered:
D:1:      mrwooster_arrival_statue, layout_basic
D:2:      layout_loops_corners, nicolae_ecumenical_oubliette, amethyst_killhole,
          uniq_crazy_yiuf_cottage
D:3:      layout_basic, marbit_many_paths, nicolae_kikubaaqudgha_miasma_corner,
          uniq_jessica
D:4:      layout_basic, minmay_temple_entry_mist, uniq_grinder, uniq_eustachio
D:5:      layout_loops_corners, portal_sewer_entry_f, ebering_ghost_rock_garden
D:6:      layout_basic
D:7:      layout_rooms, enter_bailey_7, minmay_misc_feat_x, chequers_garden,
          lightli_corner_chamber, uniq_menkaure
D:8:      layout_rooms, grunt_livestock
D:9:      layout_gridville, jmf_multi_god_temple2, uniq_grum, uniq_harold

Skill      XL: |  1  2  3  4  5  6  7  8  9 10 |
---------------+-------------------------------+-----
Maces & Flails | 3 4 5 6 7 8 10 11 | 11.7
Fighting       | 5 6 7 9 10 12 | 12.0
Throwing       | 4 5 |  5.8
Dodging        | |  2.6

Action                     |  1- 3 |  4- 6 |  7- 9 | 10-12 || total
---------------------------+-------+-------+-------+-------++-------
  Melee: Mace              |    26 |       |       |       ||    26
         Hand axe          |    55 |    41 |       |       ||    96
         Flail             |       |    83 |   309 |   175 ||   567
         Punch             |       |       |     4 |     4 ||     8
   Fire: Sling             |       |    10 |     9 |       ||    19
  Throw: Dart              |       |       |     4 |       ||     4
         Large rock        |       |       |     1 |       ||     1
 Invoke: Berserk           |     1 |     1 |     3 |     2 ||     7
         Trog's Hand       |       |     1 |     1 |     2 ||     4
    Use: Scroll            |       |       |    15 |     2 ||    17
   Stab: Sleeping          |       |       |     1 |       ||     1
 Armour: Animal skin       |    36 |    53 |    41 |       ||   130
         Robe              |       |       |   142 |     1 ||   143
         Acid dragon scale |       |       |       |    77 ||    77
  Dodge: Dodged            |    54 |    95 |   223 |   102 ||   474

Table legend: (Time is in decaauts)
 A = Elapsed time spent in this place.
 B = Non-inter-level travel time spent in this place.
 C = Inter-level travel time spent in this place.
 D = Time resting spent in this place.
 E = Time spent auto-exploring this place.
 F = Levels seen in this place.
 G = Mean time per level.
                   A        B        C        D        E       F      G
               +--------+--------+--------+--------+--------+-----+--------+
         Total |   7941 |   7551 |    390 |    883 |   5106 |  10 |  794.1 |
       Dungeon |   7868 |   7478 |    390 |    883 |   5092 |   9 |  874.2 |
         Sewer |     73 |     73 |      0 |      0 |     14 |   1 |   73.0 |
               +--------+--------+--------+--------+--------+-----+--------+

Top non-repeatable levels by time:
     D:5: 1142 daAuts
     D:7: 1056 daAuts
     D:2: 1044 daAuts
     D:1: 998 daAuts
     D:4: 860 daAuts
     D:6: 847 daAuts
     D:9: 769 daAuts
     D:8: 647 daAuts
     D:3: 500 daAuts
   Sewer: 73 daAuts
